 Dungeon Crawl Stone Soup version 0.31-a0-1237-gabc64e778c (webtiles) character file.

Game seed: 1145464007492278549

212 Maratek the Trooper (level 5, -1/42 HPs)
             Began as a Demonspawn Fighter on Dec 15, 2023.
             Slain by a kobold brigand
             ... wielding a +0 club
              (3 damage)
             ... on level 3 of the Dungeon.
             The game lasted 00:02:30 (1917 turns).

Maratek the Trooper (Demonspawn Fighter)            Turns: 1917, Time: 00:02:30

Health: -1/42      AC:  7    Str: 22    XL:     5   Next: 58%
Magic:  5/5        EV:  9    Int: 10    God:
Gold:   92         SH:  0    Dex: 13    Spells: 4/4 levels left

rFire   . . .        a - +1 trident
rCold   . . .        (no shield)
rNeg    . . .        b - +0 scale mail
rPois   .            (no helmet)
rElec   .            (no cloak)
rCorr   .            (no gloves)
SInv    .            (no boots)
Will    .....        (no amulet) Stlth
                     h - +6 ring of strength
HPRegen 0.27/turn    (no ring)
MPRegen 0.09/turn

%: no passive effects
@: slowed, very slow
A: claws 1, foul stench 1, powered by pain 1
a: no special abilities


You were on level 3 of the Dungeon.
You visited 1 branch of the dungeon, and saw 3 of its levels.

You collected 92 gold pieces.

Inventory:

Hand Weapons
 a - a +1 trident (weapon)
Armour
 b - a +0 scale mail (worn)
Jewellery
 h - a +6 ring of strength (left claw)
Scrolls
 c - a scroll of teleportation {unknown}
Potions
 d - 2 potions of might
 e - a potion of curing {unknown}
 f - 2 potions of degeneration {unknown}


   Skills:
 + Level 4.0 Fighting
 + Level 3.0 Polearms
 + Level 3.7 Armour
 + Level 3.6 Shields


You had 4 spell levels left.
You didn't know any spells.
Your spell library was empty.

Dungeon Overview and Level Annotations

Branches:
Dungeon (3/15)

Altars:


Innate Abilities, Weirdness & Mutations

You have sharp fingernails.
You may rarely emit foul miasma when damaged in melee.
You sometimes gain a little power by taking damage.


Message History

The curare-tipped dart hits you.
You are poisoned.
You have difficulty breathing.
You feel yourself slow down.
You reach to attack!
You hit the kobold brigand.
The kobold brigand is lightly wounded.
You feel very sick.
The kobold brigand throws a curare-tipped dart.
The curare-tipped dart barely misses you.
You hit the kobold brigand.
The kobold brigand is moderately wounded.
You feel very sick. The kobold brigand barely misses you.
You puncture the kobold brigand!
The kobold brigand is heavily wounded.
You feel sick.
The kobold brigand hits you with a +0 club!
The kobold brigand barely misses you. The kobold closely misses you.
There are monsters nearby!
There are monsters nearby!
You are too injured to fight recklessly!
You are too injured to fight recklessly!
You are too injured to fight recklessly!
You puncture the kobold brigand!
The kobold brigand is almost dead.
You feel sick.
The kobold brigand hits you but does no damage.
The kobold hits you with a +0 club.
* * * LOW HITPOINT WARNING * * *
The kobold closely misses you.
The kobold brigand hits you with a +0 club.
* * * LOW HITPOINT WARNING * * *
You hit the kobold brigand but do no damage.
The kobold brigand is almost dead.
You feel sick.
You are no longer poisoned.
The kobold brigand hits you with a +0 club.
* * * LOW HITPOINT WARNING * * *
The kobold hits you but does no damage. The kobold closely misses you.
The kobold brigand hits you with a +0 club.
You die...

. ## # ####### #.
######.....### #.#
##.....)..)@K.# #..#
#...)..#####K......
#..##.######≈≈~###.....
###....)..~~~~≈≈~~######
........)..~~~~~~~~~#
.........)..#~~~.....
..>..........?...##########
.................##.......#
###
#######.....)##...+.......#
..#


You could see a kobold brigand and a kobold.

Vanquished Creatures
  A kobold brigand (D:3)
  An orc wizard (D:3)
  3 adders (D:2)
  A worm (D:2)
  4 dart slugs (D:1)
  9 orcs (D:3)
  2 ball pythons
  2 endoplasms (D:2)
  3 giant cockroaches (D:1)
  8 hobgoblins
  3 quokkas
  4 bats (D:1)
  4 frilled lizards
  9 goblins
  12 kobolds
  A rat (D:3)
67 creatures vanquished.

Notes
Turn   | Place    | Note
-------+----------+-------------------------------------------
     0 | D:1      | Maratek the Demonspawn Fighter began the quest for the Orb.
     0 | D:1      | Reached XP level 1. HP: 18/18 MP: 1/1
   113 | D:1      | Gained mutation: You may rarely emit foul miasma when
                  | damaged in melee. [demonic ancestry]
   113 | D:1      | Reached XP level 2. HP: 24/24 MP: 2/2
   522 | D:1      | Gained mutation: You have sharp fingernails. [demonic
                  | ancestry]
   522 | D:1      | Reached XP level 3. HP: 29/29 MP: 3/3
  1208 | D:2      | Gained mutation: You sometimes gain a little power by
                  | taking damage. [demonic ancestry]
  1208 | D:2      | Reached XP level 4. HP: 35/35 MP: 4/4
  1863 | D:3      | Reached XP level 5. HP: 40/42 MP: 5/5
  1886 | D:3      | Reached skill level 4 in Fighting
  1917 | D:3      | HP: 2/42 [kobold brigand/+0 club (4)]
  1917 | D:3      | Slain by a kobold brigand

Illustrated notes

Levels and vault maps discovered:
D:1:      ncdulo_wetmaze, layout_loops_corners, minmay_misc_feat_rows,
          hex_medium
D:2:      layout_rooms, chequers_big_river
D:3:      cheibrodos_thug_alley, layout_basic, nicolae_ru_the_path_less_chosen,
          minmay_misc_feat_enclosed

Skill      XL: |  1  2  3  4  5 |
---------------+----------------+-----
Polearms       | 2 3 |  3.0
Armour         | 3 |  3.7
Shields        | 3 |  3.6
Fighting       | 4 |  4.0

Action                     |  1- 3 |  4- 6 || total
---------------------------+-------+-------++-------
  Melee: Trident           |   123 |    88 ||   211
         Punch             |     1 |       ||     1
    Use: Scroll            |     3 |     1 ||     4
 Armour: Scale mail        |    69 |    50 ||   119
  Dodge: Dodged            |    56 |    41 ||    97
  Block: Buckler           |    13 |       ||    13

Table legend: (Time is in decaauts)
 A = Elapsed time spent in this place.
 B = Non-inter-level travel time spent in this place.
 C = Inter-level travel time spent in this place.
 D = Time resting spent in this place.
 E = Time spent auto-exploring this place.
 F = Levels seen in this place.
 G = Mean time per level.
                   A        B        C        D        E       F      G
               +--------+--------+--------+--------+--------+-----+--------+
         Total |   1979 |   1948 |     31 |      0 |   1504 |   3 |  659.7 |
       Dungeon |   1979 |   1948 |     31 |      0 |   1504 |   3 |  659.7 |
               +--------+--------+--------+--------+--------+-----+--------+

Top non-repeatable levels by time:
     D:1: 1026 daAuts
     D:2: 635 daAuts
     D:3: 317 daAuts
